 Dungeon Crawl Stone Soup version 0.20.1-1-g8b1a95d (webtiles) character file.

6969 Inarius the Chiller (level 10, -3/81 HPs)
             Began as a Demigod Ice Elementalist on Dec 26, 2017.
             Slain by a very large slime creature (25 damage)
             ... on level 9 of the Dungeon.
             The game lasted 00:53:16 (12802 turns).

Inarius the Chiller (Demigod Ice Elementalist)     Turns: 12802, Time: 00:53:16

Health: -3/81      AC: 23    Str: 14    XL:     10   Next: 52%
Magic:  4/23       EV: 17    Int: 28    God:
Gold:   517        SH:  4    Dex: 24    Spells: 4/21 levels left

rFire    . . .     SeeInvis .   i - +7 flail "Emmifaps" {freeze, MR+ Str-3 Dex+6}
rCold    . . .     Gourm    .   (no shield)
rNeg     . . .     Faith    .   w - +2 robe
rPois    .         Spirit   .   y - +2 helmet {Int+3}
rElec    +         Reflect  +   e - +0 cloak
rCorr    .         Harm     .   (no gloves)
MR       ++...     Rnd*Rage +   (no boots)
Stlth    +++.......             L - +4 amulet of reflection
Regen    0.3/turn               C - ring of wizardry
MPRegen  0.2/turn               G - ring of the Greedy {*Contam AC+4 Str+6}

@: icy armour, very slightly contaminated, drained, slow
A: talons 1, yellow scales 1, agile 1, berserk 1, blurry vision 1, high mp 1,
shaggy fur 1, electricity resistance
a: no special abilities


You were on level 9 of the Dungeon.
You were hungry.

You visited 1 branch of the dungeon, and saw 10 of its levels.

You collected 517 gold pieces.

Inventory:

Hand Weapons
 d - a +4 quarterstaff of chaos
 i - the +7 flail "Emmifaps" (weapon) {freeze, MR+ Str-3 Dex+6}
   (You found it on level 7 of the Dungeon)

   It has been specially enchanted to freeze those struck by it, causing extra
   injury to most foes and up to half again as much damage against particularly
   susceptible opponents.
   It can also slow down cold-blooded creatures.
   It affects your strength (-3).
   It affects your dexterity (+6).
   It affects your resistance to hostile enchantments.
 j - a +2 dagger of venom
 K - the +2 rapier "Raofav" {venom, +Rage MR- Str+6}
   (You found it on level 7 of the Dungeon)

   It poisons the flesh of those it strikes.
   It affects your strength (+6).
   It affects your resistance to hostile enchantments.
   It lets you go berserk.
Armour
 e - a +0 cloak (worn)
 w - a +2 robe (worn)
 y - a +2 helmet of intelligence (worn)
Magical Staves
 J - a cursed staff of summoning
Jewellery
 a - an uncursed amulet of magic regeneration
 p - a +4 ring of intelligence
 C - a ring of wizardry (left hand)
 E - an uncursed ring of poison resistance
 G - the ring of the Greedy (right hand) {*Contam AC+4 Str+6}
   (You found it on level 7 of the Dungeon)

   [ring of protection]

   It affects your AC (+4).
   It affects your strength (+6).
   It causes magical contamination when unequipped.
 L - a +4 amulet of reflection (around neck)
Wands
 A - a wand of random effects (30/48)
 Q - a wand of iceblast (10/15)
 V - a wand of acid (6/15)
Scrolls
 f - 8 scrolls of remove curse
 m - 5 scrolls of recharging
 o - a scroll of immolation {unknown}
 q - 5 scrolls of teleportation
 s - a scroll of torment {unknown}
 u - a scroll of fear {unknown}
 v - a scroll of holy word {unknown}
 x - 3 scrolls of blinking {unknown}
 D - a scroll of enchant armour
 P - a scroll of amnesia {unknown}
 T - a scroll of vulnerability {unknown}
 U - a scroll of random uselessness {unknown}
Potions
 h - 2 potions of flight {unknown}
 l - 2 potions of might
 n - a potion of magic
 r - 2 potions of lignification
 z - 3 potions of curing
 B - a potion of heal wounds
 M - a potion of brilliance
 R - a potion of haste {unknown}
 S - a potion of agility {unknown}
Books
 b - a book of Frost

   Spells                             Type                      Level
   a - Freeze                         Ice                          1
   b - Throw Frost                    Conjuration/Ice              2
   c - Ozocubu's Armour               Charms/Ice                   3
   d - Throw Icicle                   Conjuration/Ice              4
   e - Summon Ice Beast               Ice/Summoning                4
 H - the Incunabulum of the Ashen Traveller
   (You found it on level 7 of the Dungeon)

   Spells                             Type                      Level
   a - Stone Arrow                    Conjuration/Earth            3
   b - Recall                         Summoning/Translocation      3
   c - Gell's Gravitas                Translocation                3
 N - a book of Necromancy

   Spells                             Type                      Level
   a - Pain                           Necromancy                   1
   b - Animate Skeleton               Necromancy                   1
   c - Vampiric Draining              Necromancy                   3
   d - Regeneration                   Charms/Necromancy            3
   e - Animate Dead                   Necromancy                   4
   f - Control Undead                 Necromancy                   4
 O - the Handbook of the Blaze
   (You found it on level 9 of the Dungeon)

   Spells                             Type                      Level
   a - Sticky Flame                   Conjuration/Fire             4
   b - Bolt of Magma                  Conjuration/Fire/Earth       5
Miscellaneous
 F - a lightning rod (4/4)
 I - a crystal ball of energy
Comestibles
 c - 7 bread rations
 g - 7 royal jellies
 k - 6 meat rations


   Skills:
 + Level 5.3(5.2) Fighting
 - Level 1.1 Short Blades
 - Level 4.0 Maces & Flails
 - Level 1.0(2.6) Staves
 + Level 2.3(2.2) Armour
 + Level 5.8(5.7) Dodging
 - Level 2.6(2.5) Stealth
 + Level 6.4(6.3) Spellcasting
 + Level 6.1(6.0) Conjurations
 + Level 1.5 Charms
 + Level 1.4(1.3) Summonings
 + Level 7.5(7.4) Ice Magic


You had 4 spell levels left.
You knew the following spells:

 Your Spells              Type           Power        Failure   Level  Hunger
a - Freeze                Ice            ####         1%          1    None
b - Throw Frost           Conj/Ice       #####.       1%          2    None
c - Ozocubu's Armour      Chrm/Ice       ####....     1%          3    None
d - Throw Icicle          Conj/Ice       #####...     1%          4    ###....
e - Summon Ice Beast      Ice/Summ       ####....     4%          4    ###....
f - Regeneration          Chrm/Necr      ##........   5%          3    None


Dungeon Overview and Level Annotations

Branches:
Dungeon (10/15)            Temple (0/1) D:4            Lair (0/6) D:8
    Orc (0/2) D:10


Innate Abilities, Weirdness & Mutations

You have an increased reservoir of magic. (+10% MP)
You have sharp toenails.
You are partially covered in yellow scales. (AC +2)
You are agile. (Dex +2)
You tend to lose your temper in combat.
Scrolls take you a little longer to read.
You are covered in fur. (AC +1)
You are resistant to electric shocks. (rElec)


Message History

The titanic slime creature closely misses you.
Unknown command.
Unknown command.
You hit the titanic slime creature but do no damage.
You claw the titanic slime creature, but do no damage.
The titanic slime creature is severely wounded.
A titanic slime creature splits.
The very large slime creature hits you!!!
Ouch! That really hurt!
* * * LOW HITPOINT WARNING * * *
You hit the large slime creature but do no damage.
The large slime creature is severely wounded.
The very large slime creature hits you but does no damage.
A large slime creature splits.
Unknown command.
You hit the slime creature. You freeze the slime creature.
You claw the slime creature, but do no damage.
The slime creature is almost dead.
The very large slime creature hits you!!
You die...

#######..#########...[.#....#..#
#..# #.....#....'..# #..#
###.....#....#..# #.J#
#..[....#....#..# #..#
#.).....######..# #######..#
#<[.............# ........J#
#.).########....# .........#
#...#....>.#....#
.........#######@J.'......'....#
...............JJ..#......#....#
.........####''###.#......#....#
.........#.......#.####...#....#
.........#.......#....#####....#
....)....#.......#.............#
.........#########....>........#
####...........................#
#...........................#


You could see a very large slime creature and 2 slime creatures.

Vanquished Creatures
  Pikel (D:5)
  A troll (D:9)
  Prince Ribbit (D:6)
  A hippogriff (D:7)
  2 wyverns (D:9)
  Sigmund (D:2)
  A hungry ghost (D:10)
  Menkaure (D:4)
  2 porcupines (D:8)
  A slave (D:5)
  2 ice beasts
  4 orc warriors
  A sky beast (D:10)
  4 phantoms
  2 centaurs (D:5)
  An eye of draining (D:10)
  5 ogres
  A big kobold (D:7)
  Blork the orc (D:4)
  3 bullfrogs
  A water moccasin zombie (D:7)
  5 scorpions
  5 killer bees
  2 water moccasin skeletons
  7 wights
  A howler monkey (D:8)
  7 crimson imps
  2 centaur skeletons (D:7)
  2 hounds
  Crazy Yiuf (D:4)
  7 orc priests
  3 bullfrog skeletons
  2 iguanas (D:4)
  Terence (D:2)
  8 orc wizards
  9 worker ants
  A hound skeleton (D:5)
  A mummy (D:5)
  Robin (D:2)
  9 gnolls
  20 adders
  5 shadow imps
  An ooze (D:3)
  2 adder skeletons (D:4)
  An adder zombie (D:6)
  4 worms
  2 dart slugs (D:3)
  7 leopard geckos
  29 orcs
  2 ball pythons
  11 giant cockroaches
  20 goblins
  11 hobgoblins
  5 jackals
  6 quokkas
  6 bats
  9 frilled lizards
  3 goblin zombies (D:9)
  4 hobgoblin zombies (D:9)
  11 kobolds
  A kobold skeleton (D:9)
  3 kobold zombies
  A leopard gecko skeleton (D:6)
  3 orc skeletons (D:9)
  An orc zombie (D:5)
  A quokka skeleton (D:6)
  5 rats
  A bush (D:5)
  A fungus (D:8)
287 creatures vanquished.

Vanquished Creatures (collateral kills)
  2 orc warriors
  2 sky beasts (D:7)
  A phantom (D:8)
  A centaur (D:7)
  An ogre (D:7)
  A killer bee (D:7)
  2 centaur skeletons (D:7)
  An iguana (D:7)
  2 orc wizards (D:8)
  4 gnolls (D:7)
  3 adders (D:7)
  A leopard gecko (D:7)
  A fungus (D:8)
22 creatures vanquished.

Vanquished Creatures (others)
  A slave (D:5)
  A jelly (D:5)
  A worker ant (D:5)
  An orc (D:5)
  A frilled lizard (D:5)
  An orc zombie (D:5)
  A quokka skeleton (D:5)
  2 fungi (D:8)
9 creatures vanquished.

Grand Total: 318 creatures vanquished

Notes
Turn   | Place    | Note
-------+----------+-------------------------------------------
     0 | D:1      | Inarius the Demigod Ice Elementalist began the quest for the Orb.
     0 | D:1      | Reached XP level 1. HP: 14/14 MP: 5/5
   251 | D:1      | Reached skill level 3 in Ice Magic
   458 | D:1      | Reached XP level 2. HP: 9/20 MP: 4/7
   944 | D:1      | Learned a level 2 spell: Throw Frost
  1112 | D:2      | Reached XP level 3. HP: 26/26 MP: 8/8
  1342 | D:2      | Noticed Robin
  1588 | D:1      | Reached skill level 1 in Conjurations
  1807 | D:2      | Killed Robin
  1924 | D:2      | Noticed Terence
  1932 | D:2      | Reached XP level 4. HP: 33/33 MP: 9/9
  1941 | D:2      | Killed Terence
  1941 | D:2      | Reached skill level 1 in Short Blades
  1948 | D:2      | Learned a level 3 spell: Ozocubu's Armour
  2036 | D:2      | Noticed Sigmund
  2049 | D:2      | Killed Sigmund
  2049 | D:2      | Reached skill level 1 in Fighting
  2049 | D:2      | Reached skill level 1 in Armour
  2049 | D:2      | Reached skill level 4 in Ice Magic
  2049 | D:2      | Reached XP level 5. HP: 26/40 MP: 0/11
  2644 | D:3      | Reached XP level 6. HP: 45/47 MP: 7/12
  3103 | D:3      | Found a shattered altar of Ashenzari.
  3711 | D:4      | Found a staircase to the Ecumenical Temple.
  3819 | D:4      | Noticed Menkaure
  3830 | D:4      | Killed Menkaure
  3830 | D:4      | Reached XP level 7. HP: 14/52 MP: 4/14
  4364 | D:4      | Found a runed door.
  4368 | D:4      | Noticed Crazy Yiuf
  4375 | D:4      | Killed Crazy Yiuf
  4536 | D:4      | Noticed Blork the orc
  4546 | D:4      | Killed Blork the orc
  5234 | D:4      | Reached skill level 1 in Staves
  5234 | D:4      | Reached skill level 5 in Ice Magic
  5504 | D:5      | Entered Level 5 of the Dungeon
  5636 | D:5      | Learned a level 4 spell: Throw Icicle
  5668 | D:5      | Reached XP level 8. HP: 56/59 MP: 17/17
  5685 | D:5      | Noticed Pikel
  5711 | D:5      | Killed Pikel
  5925 | D:5      | Learned a level 4 spell: Summon Ice Beast
  6089 | D:5      | Reached skill level 6 in Ice Magic
  6102 | D:5      | Reached skill level 5 in Conjurations
  6568 | D:6      | Noticed Prince Ribbit
  6572 | D:6      | Killed Prince Ribbit
  6572 | D:6      | Reached skill level 5 in Spellcasting
  6582 | D:6      | Reached XP level 9. HP: 53/68 MP: 10/20
  6591 | D:6      | Reached skill level 1 in Charms
  7270 | D:7      | Found a white marble altar of Elyvilon.
  7420 | D:7      | Found a radiant altar of Vehumet.
  7945 | D:7      | Found a sacrificial altar of Ru.
  7972 | D:7      | Got a transparent flail
  7976 | D:7      | Identified the +7 flail "Emmifaps" {freeze, MR+ Str-3 Dex+6} (You found it on level 7 of the Dungeon)
  8008 | D:7      | Gained mutation: You tend to lose your temper in combat. [mutagenic meat]
  8009 | D:7      | Gained mutation: You are weak. (Str -2) [mutagenic meat]
  8010 | D:7      | Gained mutation: You are covered in fur. (AC +1) [mutagenic meat]
  8013 | D:7      | Lost mutation: You are weak. (Str -2) [mutagenic meat]
  8014 | D:7      | Gained mutation: Scrolls take you a little longer to read. [mutagenic meat]
  8114 | D:7      | Reached skill level 1 in Maces & Flails
  8142 | D:7      | Gained mutation: You are resistant to electric shocks. (rElec) [mutagenic meat]
  8143 | D:7      | Gained mutation: You are agile. (Dex +2) [mutagenic meat]
  8144 | D:7      | Gained mutation: You are partially covered in yellow scales. (AC +2) [mutagenic meat]
  8145 | D:7      | Gained mutation: You have sharp toenails. [mutagenic meat]
  8308 | D:7      | Got a crude gossamer ring
  8309 | D:7      | Identified the Incunabulum of the Ashen Traveller
  8356 | D:7      | Reached skill level 1 in Summonings
  8384 | D:7      | Identified the ring of the Greedy {*Contam AC+4 Str+6} (You found it on level 7 of the Dungeon)
  8715 | D:7      | Got an ebony rapier
  8716 | D:7      | Identified the +2 rapier "Raofav" {venom, +Rage MR- Str+6} (You found it on level 7 of the Dungeon)
  8892 | D:7      | Reached skill level 5 in Dodging
  9377 | D:8      | Reached skill level 7 in Ice Magic
  9377 | D:8      | Reached XP level 10. HP: 60/80 MP: 2/22
  9980 | D:8      | Learned a level 3 spell: Regeneration
 10215 | D:8      | Found a staircase to the Lair.
 10610 | D:9      | Found a glowing golden altar of the Shining One.
 10837 | D:9      | Identified the Handbook of the Blaze
 11235 | D:8      | Reached skill level 5 in Fighting
 12140 | D:10     | Entered Level 10 of the Dungeon
 12315 | D:10     | Found a staircase to the Orcish Mines.
 12802 | D:9      | Slain by a very large slime creature

Skill      XL: |  1  2  3  4  5  6  7  8  9 10 |
---------------+-------------------------------+-----
Ice Magic      | 3 4 5 6 7 |  7.5
Dodging        | 2 3 4 5 |  5.8
Stealth        | 2 |  2.6
Spellcasting   | 2 3 5 6 |  6.4
Conjurations   | 1 2 3 5 6 |  6.1
Short Blades   | 1 |  1.1
Fighting       | 1 2 4 5 |  5.3
Armour         | 1 2 |  2.3
Staves         | 1 |  1.0
Charms         | 1 |  1.5
Maces & Flails | 3 4 |  4.0
Summonings     | 1 |  1.4

Action                   |  1- 3 |  4- 6 |  7- 9 | 10-12 || total
-------------------------+-------+-------+-------+-------++-------
Melee: Unarmed           |     5 |       |       |       ||     5
       Dagger            |    71 |   104 |    28 |       ||   203
       Quarterstaff      |       |       |   241 |       ||   241
       Flail             |       |       |   107 |   148 ||   255
       Kick              |       |       |    24 |    45 ||    69
 Cast: Freeze            |    13 |       |       |       ||    13
       Throw Frost       |    12 |    60 |    75 |       ||   147
       Ozocubu's Armour  |       |       |    12 |     2 ||    14
       Throw Icicle      |       |       |    17 |    45 ||    62
       Summon Ice Beast  |       |       |     6 |     8 ||    14
  Use: Potion            |     2 |     1 |     3 |       ||     6
       Scroll            |     5 |     4 |     4 |     1 ||    14
 Stab: Sleeping          |     3 |     3 |     9 |     2 ||    17
       Distracted        |       |       |     3 |     1 ||     4
       Petrifying        |       |       |     1 |       ||     1
       Paralysed         |       |       |     1 |       ||     1
       Confused          |       |       |     1 |       ||     1
  Eat: Chunk             |     4 |     8 |    27 |    13 ||    52
       Bread ration      |       |       |     1 |       ||     1
       Fruit             |       |       |       |     4 ||     4
Armor: Robe              |     5 |       |   158 |    52 ||   215
       Leather armour    |    30 |    25 |    30 |       ||    85
Dodge: Dodged            |    67 |    80 |   406 |   107 ||   660
Block: Other             |       |       |       |    19 ||    19
